Map: [ESL] Waterfall

Players

Solar

  • Race: Zerg Zerg
  • Spawn Location: 1:00

Maru - Winner!

  • Race: Terran Terran
  • Spawn Location: 7:00

Event: DreamHack SC2 Masters 2022 Atlanta (Offline)

VOD

Have the link to the VOD?

Description

Time

  • Played on: Nov. 19, 2022, 7:13 p.m.
  • Length: 8:14

All games in this series

Show
View Real Time Build Order
Export as new Build Order

Solar Zerg 

Build Orders: Hatch First 

Get SALT Encoding   

  12  0:00  Drone  
  13  0:11  Overlord  
  13  0:16  Drone  
  14  0:30  Drone x2  
  16  0:47  Hatchery  
  15  0:51  Drone  
  15  0:55  Drone  
  17  0:58  Drone  
  18  1:09  Extractor  
  17  1:14  Spawning Pool  
  17  1:16  Drone  
  17  1:19  Drone  
  18  1:27  Drone  
  19  1:37  Drone  
  20  1:48  Drone  
  21  2:00  Queen  
  21  2:01  Queen, Zergling x2  
  25  2:02  Zergling x2  
  27  2:09  Metabolic Boost  
  27  2:13  Zergling x2  
  27  2:14  Overlord  
  28  2:30  Hatchery  
  28  2:33  Drone  
  28  2:35  Zergling x2  
  29  2:41  Drone  
  29  2:45  Queen  
  29  2:49  Drone  
  32  2:53  Overlord  
  32  2:57  Drone  
  33  2:59  Drone  
  33  3:03  Zergling x2  
  33  3:04  Zergling x2  
  35  3:06  Zergling x2  
  35  3:12  Zergling x6  
  38  3:18  Drone  
  39  3:22  Queen  
  39  3:26  Overlord  
  41  3:28  Drone  
  41  3:33  Drone  
  43  3:39  Overlord  
  43  3:44  Queen  
  43  3:45  Drone  
  43  3:46  Drone  
  47  3:51  Drone x3  
  47  3:53  Drone  
  51  3:56  Drone  
  51  4:02  Queen  
  54  4:04  Drone  
  54  4:05  Drone  
  54  4:07  Drone  
  54  4:09  Drone  
  58  4:12  Overlord  
  58  4:15  Drone x2  
  60  4:18  Drone  
  60  4:22  Drone x3  
  64  4:24  Drone  
  64  4:28  Overlord  
  65  4:32  Drone, Baneling Nest  
  65  4:34  Zergling x4  
  65  4:35  Zergling x2  
  68  4:40  Queen  
  68  4:42  Zergling x2  
  68  4:44  Zergling x4  
  73  4:47  Zergling x4  
  73  4:48  Zergling x2  
  76  4:54  Zergling x2  
  76  4:55  Overlord  
  76  4:56  Zergling x2  
  76  4:59  Zergling x6  
  81  5:02  Zergling x2  
  81  5:04  Overlord  
  82  5:08  Overlord  
  82  5:12  Overlord  
  82  5:13  Queen  
  84  5:15  Drone, Extractor  
  84  5:18  Baneling x5  
  84  5:19  Drone x3  
  84  5:20  Drone  
  85  5:30  Drone x2  
  85  5:31  Drone x2  
  85  5:32  Drone x2  
  91  5:36  Spore Crawler x2  
  91  5:37  Spore Crawler  
  91  5:38  Drone  
  91  5:41  Drone  
  88  5:44  Drone x2  
  88  5:46  Drone  
  88  5:48  Drone  
  88  5:49  Drone  
  90  5:52  Drone  
  90  5:54  Drone  
  90  5:55  Drone x2  
  93  6:01  Lair  
  93  6:03  Drone  
  92  6:04  Drone  
  92  6:07  Drone  
  92  6:08  Drone  
  92  6:10  Extractor  
  94  6:13  Evolution Chamber  
  94  6:14  Drone x2  
  94  6:17  Drone x2  
  97  6:20  Drone  
  97  6:24  Extractor  
  97  6:26  Evolution Chamber  
  97  6:28  Drone x3  
  97  6:30  Drone  
  97  6:31  Overlord  
  100  6:34  Drone  
  100  6:36  Zergling x2  
  100  6:37  Zergling x2  
  103  6:41  Baneling x2  
  103  6:42  Zergling x6  
  104  6:48  Zergling x8  
  104  6:52  Hatchery, Overlord  
  104  6:54  Drone  
  108  7:01  Overlord  
  108  7:06  Zergling x14  
  115  7:10  Zergling x4  
  115  7:12  Baneling  
  115  7:13  Baneling x2  
  115  7:14  Overlord  
  117  7:16  Baneling  
  117  7:19  Baneling  
  117  7:21  Zergling x4  
  118  7:24  Baneling x2  
  118  7:26  Zergling x12  
  125  7:30  Zergling x6  
  125  7:33  Queen  
  125  7:34  Queen  
  129  7:41  Zergling x6  
  130  7:46  Overseer  
  130  7:50  Zergling x6  
  126  7:53  Baneling x3  
Show
View Real Time Build Order
Export as new Build Order

Maru Terran - Winner!

Build Orders:  

Get SALT Encoding   

  12  0:00  SCV  
  13  0:12  SCV  
  14  0:17  Supply Depot  
  14  0:24  SCV  
  15  0:38  SCV  
  15  0:40  Barracks  
  16  0:43  Refinery  
  16  0:50  SCV  
  17  1:00  Barracks  
  17  1:03  SCV  
  18  1:15  SCV  
  19  1:27  Orbital Command, Reaper  
  20  1:36  Supply Depot  
  20  1:48  Reaper  
  20  1:53  SCV  
  22  2:04  Reaper  
  22  2:05  SCV  
  24  2:11  Command Center  
  24  2:17  Refinery  
  24  2:18  SCV  
  25  2:30  SCV  
  25  2:32  Marine  
  27  2:42  SCV  
  28  2:44  Factory  
  28  2:53  Barracks Reactor  
  28  2:54  SCV  
  29  3:06  SCV  
  30  3:18  SCV  
  31  3:24  Barracks Tech Lab  
  31  3:25  Orbital Command, Supply Depot  
  31  3:29  Factory Tech Lab, Starport  
  31  3:30  SCV, Marine x2  
  34  3:42  SCV  
  34  3:43  Stimpack, Marine  
  34  3:48  Marine x2  
  37  3:52  SCV  
  37  3:55  SCV  
  40  3:57  Barracks  
  40  4:01  Marine  
  41  4:04  SCV  
  41  4:06  Refinery  
  41  4:07  SCV  
  43  4:10  Supply Depot  
  43  4:12  Banshee  
  43  4:14  Cloaking Field  
  43  4:16  SCV  
  47  4:18  Marine  
  47  4:19  SCV  
  47  4:20  Marine  
  47  4:21  Marine  
  51  4:24  Factory Reactor  
  51  4:28  SCV, Engineering Bay  
  51  4:31  SCV  
  53  4:32  Supply Depot  
  53  4:37  Marine  
  53  4:38  Marine  
  55  4:40  SCV, Marine  
  55  4:43  SCV  
  58  4:51  Supply Depot  
  58  4:52  SCV  
  58  4:55  Marine  
  58  4:56  Marine  
  58  4:59  SCV  
  62  5:01  Terran Infantry Weapons Level 1, Barracks Reactor  
  62  5:04  Marine  
  63  5:13  SCV, Marine  
  63  5:14  Barracks  
  65  5:15  Barracks  
  65  5:16  Marine  
  65  5:17  SCV  
  67  5:22  Marine  
  68  5:31  SCV  
  68  5:32  SCV  
  68  5:35  Supply Depot  
  67  5:36  Marine x2  
  67  5:41  Siege Tank, Medivac x2  
  76  5:44  SCV  
  76  5:45  Marine  
  78  5:56  Marine x2  
  80  5:58  Supply Depot x2  
  80  6:02  Marine x2  
  80  6:03  Marine  
  83  6:05  Supply Depot  
  83  6:08  Marine x2  
  83  6:09  Combat Shield  
  85  6:14  Marine  
  86  6:20  Medivac x2, Marine x2  
  86  6:21  Marine  
  86  6:23  Siege Tank, Marine  
  97  6:28  Supply Depot  
  97  6:29  Supply Depot, Marine x2  
  97  6:31  Marine  
  100  6:37  Marine x2  
  100  6:39  Marine  
  103  6:41  Marine  
  104  6:47  Marine x2  
  104  6:49  Marine  
  107  6:54  Medivac x2  
  107  6:55  Marine x2  
  107  6:56  Marine  
  107  6:59  Marine  
  115  7:03  Supply Depot x2  
  115  7:05  Marine x2  
  115  7:06  Refinery  
  117  7:08  Siege Tank  
  117  7:09  Marine  
  121  7:16  Marine x3  
  121  7:17  Marine  
  125  7:23  Marine  
  125  7:29  Marine  
  126  7:30  Marine  
  126  7:34  Marine  
  126  7:35  Marine  
  126  7:36  Marine x2  
  132  7:40  Supply Depot  
  132  7:41  Marine  
  131  7:47  Marine x2  
  132  7:52  Marine  
  132  7:53  Marine x3  
Tags
 
Add a new tag
Caveats
  • Supply blocks, unpowered buildings, or Contaminate may cause inaccurate times.
  • Supply counts are checked every 10 seconds.